 Dungeon Crawl Stone Soup version 0.29.0-11-gd7f09526c8 (webtiles) character file.

Game seed: 17547227775106521688

866 MisterFreud the Cudgeller (level 8, 0/46 HPs)
             Began as a Gargoyle Fighter on Sept 6, 2022.
             Was a Follower of Okawaru.
             Splashed by a jelly's acid (4 damage)
             ... on level 5 of the Dungeon.
             The game lasted 00:05:34 (4854 turns).

MisterFreud the Cudgeller (Gargoyle Fighter)        Turns: 4854, Time: 00:05:35

Health: 0/46       AC: 14    Str: 25    XL:     8   Next: 3%
Magic:  8/8        EV:  9    Int:  8    God:    Okawaru [*.....]
Gold:   139        SH:  4    Dex: 11    Spells: 7/7 levels left

rFire   . . .      SeeInvis .   y - +10 spear of Attainder {pain, *Corrode rPois Str+4}
rCold   . . .      Faith    .   c - +0 buckler
rNeg    + . .      Spirit   .   b - +0 scale mail
rPois   ∞          Reflect  .   s - +0 helmet
rElec   +          Harm     .   t - +0 cloak
rCorr   .          Rampage  .   (no gloves)
Will    .....                   (no boots)
Stlth   ..........              n - amulet of the acrobat
HPRegen 0.15/turn               f - +4 ring of protection
MPRegen 0.11/turn               (no ring)

@: corroded
A: sickness immunity, AC +5, negative energy resistance 1, electricity
resistance, torment resistance 1, petrification resistance
a: Renounce Religion, Heroism


You were on level 5 of the Dungeon.
You worshipped Okawaru.
Okawaru was aware of your devotion.
You visited 2 branches of the dungeon, and saw 6 of its levels.

You collected 249 gold pieces.
You spent 110 gold pieces at shops.

Inventory:

Hand Weapons
 a - a +0 flail
 y - the +10 spear of Attainder (weapon) {pain, *Corrode rPois Str+4}
   (You found it on level 5 of the Dungeon)

   In the hands of one skilled in necromantic magic, it inflicts extra damage on
   living creatures.
   Str:       It affects your strength (+4).
   rPois:     It protects you from poison.
   *Corrode:  It may corrode you when you take damage.
Missiles
 h - 5 atropa-tipped darts (quivered)
 i - 20 poisoned darts
 u - 4 curare-tipped darts
Armour
 b - a +0 scale mail (worn)
 c - a +0 buckler (worn)
 s - a +0 helmet (worn)
 t - a +0 cloak (worn)
Jewellery
 f - a +4 ring of protection (left hand)
 k - a ring of magical power
 m - a ring of magical power
 n - an amulet of the acrobat (around neck)
Wands
 j - a wand of roots (10)
 l - a wand of charming (11)
Scrolls
 e - 6 scrolls of teleportation
 p - a scroll of enchant weapon {unknown}
 r - a scroll of blinking
Potions
 d - a potion of might
 g - a potion of heal wounds
 o - a potion of resistance
 q - a potion of flight
 v - a potion of brilliance {unknown}
 w - 3 potions of curing
 x - 2 potions of haste


   Skills:
 - Level 3.2 Fighting
 - Level 7.6 Maces & Flails
 + Level 4.2 Polearms
 - Level 3.2 Armour
 - Level 3.2 Shields


You had 7 spell levels left.
You didn't know any spells.
Your spell library contained the following spells:

 Spells                   Type           Power      Damage    Failure   Level
 Iskenderun's Battlesphe  Conj           0%         2d6       100%        5
 Iron Shot                Conj/Erth      0%         9d1       100%        6
 Spellforged Servitor     Conj/Summ      Unusable   N/A       N/A         7

Dungeon Overview and Level Annotations

Branches:
Dungeon (5/15)             Temple (1/1) D:4

Altars:
Ashenzari
Cheibriados
Gozag
Hepliaklqana
Makhleb
Nemelex Xobeh
Okawaru
Trog
Vehumet
Wu Jian
Xom
Yredelemnul
Zin

Shops:
D:3 ?


Innate Abilities, Weirdness & Mutations

You are immune to sickness and miasma.
Your stone body is resilient. (AC +5)
You are immune to poison.
You resist negative energy. (rN+)
You are resistant to electric shocks. (rElec)
You are resistant to unholy torment.
You are immune to petrification.


Message History

You hit the slime creature.
The slime creature is severely wounded.
The slime creature hits you but does no damage.
You hit the slime creature.
The slime creature is severely wounded.
The slime creature barely misses you.
You hit the slime creature.
The slime creature is severely wounded.
The slime creature hits you but does no damage.
You hit the slime creature.
The slime creature is severely wounded.
The slime creature hits you but does no damage.
You puncture the slime creature!
The slime creature is almost dead.
The slime creature hits you but does no damage.
You hit the slime creature.
The slime creature is almost dead.
The slime creature hits you!
* * * LOW HITPOINT WARNING * * *
You hit the slime creature.
The slime creature is almost dead.
The slime creature barely misses you.
You feel much better. The slime creature hits you!
* * * LOW HITPOINT WARNING * * *
You puncture the slime creature!
The slime creature is almost dead.
The slime creature hits you.
* * * LOW HITPOINT WARNING * * *
You hit the slime creature.
You kill the slime creature!
Okawaru is honoured by your kill.
Your Polearms skill gained 2 levels and is now at level 4!
You have reached level 8!
You feel stronger.
You hit the jelly.
Your hands burn!
* * * LOW HITPOINT WARNING * * *
The jelly is moderately wounded.
The jelly hits you but does no damage.
You puncture the jelly!
Your hands burn!
You die...

#####.# #...<....#..####.###.
......# #####.####..# #.##..
####### ### #### #.##.# #
##########.##.# #
##########÷÷...÷##...##)#
#########......##J.P.JPJ###..##)#
......##.......#J#...J..# #..##.#
###.#.').......#J#PJJ.P.###..##.#
# #...)).......#@#......##...##.#
# ###.)).....#'#)#.PJPPP###.###..
# #.##.....#.#.#...J..# #.# ### #
#####....#.#.#..PJ..# #.#
##########.##.÷...)# #.# #.# ###
#.# #.# ### #.# ##.# #.# #.# #..#
#.# #.#


You could see 2 jellies and an endoplasm.

Vanquished Creatures
  A slime creature (D:5)
  2 kobold brigands (D:5)
  A gnoll sergeant (D:5)
  A necrophage (D:5)
  2 hounds
  A jelly (D:5)
  Ijyb (D:3)
  2 iguanas (D:5)
  Natasha (thrice) (D:3)
  4 gnolls (D:5)
  5 adders
  An ufetubus (D:4)
  A dart slug (D:4)
  4 endoplasms
  5 giant cockroaches
  8 goblins
  7 hobgoblins
  7 jackals (D:3)
  3 quokkas
  9 ball pythons
  5 bats
  2 frilled lizards
  11 kobolds
  3 rats
89 creatures vanquished.

Vanquished Creatures (others)
  4 fungi (D:5)
  7 toadstools (D:5)
11 creatures vanquished.

Grand Total: 100 creatures vanquished

Notes
Turn   | Place    | Note
-------+----------+-------------------------------------------
     0 | D:1      | MisterFreud the Gargoyle Fighter began the quest for the
                  | Orb.
     0 | D:1      | Reached XP level 1. HP: 14/14 MP: 1/1
   441 | D:1      | Reached XP level 2. HP: 19/19 MP: 2/2
   832 | D:1      | Reached skill level 3 in Maces & Flails
   967 | D:2      | Reached XP level 3. HP: 23/23 MP: 3/3
  1125 | D:2      | Found a faded altar of an unknown god.
  1700 | D:3      | Reached skill level 4 in Maces & Flails
  1713 | D:3      | Reached XP level 4. HP: 22/28 MP: 4/4
  1787 | D:3      | Noticed Natasha
  1793 | D:3      | Noticed Ijyb
  1796 | D:3      | Killed Natasha
  2065 | D:3      | Noticed Natasha
  2077 | D:3      | Killed Natasha
  2078 | D:3      | Reached skill level 5 in Maces & Flails
  2078 | D:3      | Reached XP level 5. HP: 27/32 MP: 5/5
  2163 | D:3      | Noticed Natasha
  2175 | D:3      | Killed Natasha
  2605 | D:3      | Found Omyvaiv's Magic Scroll Boutique.
  2611 | D:3      | Bought a scroll of blinking for 97 gold pieces
  2611 | D:3      | Bought a scroll of noise for 13 gold pieces
  2830 | D:3      | Killed Ijyb
  3257 | D:4      | Reached skill level 6 in Maces & Flails
  3257 | D:4      | Reached XP level 6. HP: 37/37 MP: 6/6
  3393 | D:4      | Found a glowing silver altar of Zin.
  3561 | D:4      | Found a staircase to the Ecumenical Temple.
  3573 | Temple   | Entered the Ecumenical Temple
  3586 | Temple   | Became a worshipper of Warmaster Okawaru
  3828 | D:5      | Entered Level 5 of the Dungeon
  4085 | D:5      | Reached skill level 7 in Maces & Flails
  4302 | D:5      | Reached XP level 7. HP: 33/41 MP: 7/7
  4390 | D:5      | Reached * piety under Okawaru
  4400 | D:5      | Identified the +10 spear of Attainder {pain, *Corrode rPois
                  | Str+4}
  4781 | D:5      | Reached skill level 1 in Polearms
  4830 | D:5      | Noticed a slime creature
  4848 | D:5      | HP: 2/41 [slime creature (8)]
  4852 | D:5      | Killed a slime creature
  4853 | D:5      | Reached XP level 8. HP: 6/46 MP: 8/8
  4854 | D:5      | Splashed by a jelly's acid

Illustrated notes

Levels and vault maps discovered:
D:1:      dpeg_arrival_short_road, layout_loops_corners
D:2:      layout_loops_ring, hellmonk_ecumenical_altar_blasted, grunt_decor_cap
D:3:      layout_loops_ring, serial_shops, shop, chequers_serial_rivers_small_a,
          uniq_ijyb, uniq_natasha
D:4:      layout_loops_corners, zin_scriptorium, minmay_temple_entry_poolview,
          minmay_box_of_dots
D:5:      cheibrodos_fertilizer, layout_loops_ring, kennysheep_cross_room,
          grunt_ministairs_6, uniq_eustachio
Temple:   compressed_dpeg_triangle_lava_temple

Skill      XL: |  1  2  3  4  5  6  7 |
---------------+----------------------+-----
Maces & Flails | 3 4 5 6 7 |  7.6
Polearms       | 4 |  4.2
Fighting       | |  3.2
Armour         | |  3.2
Shields        | |  3.2

Action                   |  1- 3 |  4- 6 |  7- 9 || total
-------------------------+-------+-------+-------++-------
Melee: Flail             |    99 |   208 |    13 ||   320
       Spear             |       |       |    43 ||    43
Throw: Dart              |       |     2 |       ||     2
  Use: Scroll            |     3 |     6 |       ||     9
       Potion            |       |     1 |     1 ||     2
Armor: Scale mail        |    62 |   113 |    28 ||   203
Dodge: Dodged            |    47 |   116 |    26 ||   189
Block: Buckler           |    21 |    46 |    10 ||    77
